 Dungeon Crawl Stone Soup version 0.25-a0-424-g80bd347ae0 (webtiles) character file.

Game seed: 5191195125611636585, levelgen mode: deterministic

753 Kohma the Stinger (level 7, -3/52 HPs)
             Began as a Purple Draconian Venom Mage on Jan 21, 2020.
             Was a Follower of Fedhas.
             Slain by a hornet zombie (9 damage)
             ... on level 5 of the Dungeon.
             The game lasted 00:18:39 (5883 turns).

Kohma the Stinger (Purple Draconian Venom Mage)     Turns: 5883, Time: 00:18:40

Health: -3/52      AC:  6    Str: 10    XL:     7   Next: 49%
Magic:  15/15      EV: 12    Int: 17    God:    Fedhas [*.....]
Gold:   129        SH:  0    Dex: 12    Spells: 6/16 levels left

rFire    . . .     SeeInvis .   q - +0 falchion
rCold    . . .     Gourm    .   (no shield)
rNeg     . . .     Faith    .   (armour unavailable)
rPois    .         Spirit   .   (helmet restricted)
rElec    .         Reflect  .   (no cloak)
rCorr    .         Harm     .   (no gloves)
MR       +....                  (no boots)
Stlth    ++........             (no amulet)
HPRegen  0.17/turn              (no ring)
MPRegen  0.14/turn              (no ring)

@: no status effects
A: breathe power, unfitting armour, cold-blooded, AC +6
a: Breathe Dispelling Energy, Renounce Religion


You were on level 5 of the Dungeon.
You worshipped Fedhas.
Fedhas was aware of your devotion.
You were not hungry.

You visited 2 branches of the dungeon, and saw 6 of its levels.

You collected 129 gold pieces.

Inventory:

Hand Weapons
 q - a +0 falchion (weapon)
Missiles
 c - 27 sling bullets
 j - 11 javelins (quivered)
Armour
 i - a +0 large shield
Scrolls
 a - 4 scrolls of identify {unknown}
 f - 4 scrolls of remove curse {unknown}
 g - a scroll of fog {unknown}
 k - a scroll of enchant armour {unknown}
 l - 4 scrolls of enchant weapon {unknown}
 m - 2 scrolls of fear {unknown}
 o - a scroll of blinking {unknown}
 s - a scroll of teleportation {unknown}
 t - a scroll of immolation {unknown}
 u - a scroll of noise {unknown}
Potions
 d - a potion of resistance {unknown}
 e - a potion of agility {unknown}
 h - 3 potions of curing
 n - 2 potions of berserk rage {unknown}
 r - a potion of magic {unknown}
Comestibles
 b - 9 rations


   Skills:
 + Level 1.1 Fighting
 + Level 1.9 Dodging
 - Level 1.7 Stealth
 - Level 5.4 Spellcasting
 - Level 2.0 Conjurations
 - Level 1.0 Transmutations
 - Level 3.0 Air Magic
 * Level 6.2 Poison Magic
 + Level 0.3 Invocations


You had 6 spell levels left.
You knew the following spells:

 Your Spells              Type           Power        Failure   Level  Hunger
a - Sting                 Tmut/Pois      ###.         3%          1    None
b - Poisonous Vapours     Pois/Air       ###...       3%          2    #......
c - Mephitic Cloud        Conj/Pois/Air  ###.....     9%          3    ##.....
d - Olgreb's Toxic Radia  Pois           ####....     11%         4    ####...

Your spell library contained the following spells:

 Spells                   Type           Power        Failure   Level  Hunger
 Ignite Poison            Fire/Tmut/Pois ##......     16%         3    ##.....


Dungeon Overview and Level Annotations

Branches:
Dungeon (5/15)             Temple (1/1) D:4

Altars:
Ashenzari
Cheibriados
Dithmenos
Elyvilon
Fedhas
Gozag
Hepliaklqana
Makhleb
Nemelex Xobeh
Sif Muna
Uskayaw
Vehumet
Xom
Zin
The Shining One


Innate Abilities, Weirdness & Mutations

You can breathe bolts of dispelling energy.
Your rich purple scales are hard. (AC +6)
You cannot fit into any form of body armour.
You are cold-blooded and may be slowed by cold attacks.


Message History

You closely miss the hornet zombie.
The hornet zombie is lightly damaged.
The hornet zombie hits you but does no damage.
The hornet zombie misses you.
You hit the hornet zombie but do no damage.
The hornet zombie is lightly damaged.
The hornet zombie hits you.
* * * LOW HITPOINT WARNING * * *
You hit the hornet zombie but do no damage.
The hornet zombie is lightly damaged.
The hornet zombie barely misses you.
You riposte.
You hit the hornet zombie but do no damage.
The hornet zombie is lightly damaged.
The hornet zombie hits you.
* * * LOW HITPOINT WARNING * * *
The hornet zombie hits you but does no damage.
There is a stone staircase leading up here.
The hornet zombie hits you!
You die...
Fedhas appreciates your contribution to the ecosystem.

#.# #.# #.# #.#
#.#
####.##########
#.............#
#...@Z........#
#.............#
#.............#
#.............#
#.............#
#.......(.....#
#..............
############...


You could see a hornet zombie.

Vanquished Creatures
  An ogre (D:4)
  A howler monkey (D:4)
  A crimson imp (D:3)
  2 hounds (D:4)
  4 orc priests
  Jessica (D:2)
  4 orc wizards
  2 worker ants (D:4)
  A howler monkey zombie (D:4)
  3 adders
  10 gnolls
  2 oozes
  An adder skeleton (D:4)
  3 worms (D:2)
  2 dart slugs
  16 orcs
  A giant cockroach (D:3)
  8 goblins
  5 hobgoblins
  2 jackals (D:1)
  5 kobolds
  3 quokkas
  2 ball pythons
  7 bats
  3 frilled lizards
  4 rats
94 creatures vanquished.

Notes
Turn   | Place    | Note
-------+----------+-------------------------------------------
     0 | D:1      | Kohma the Draconian Venom Mage began the quest for the Orb.
     0 | D:1      | Reached XP level 1. HP: 14/14 MP: 3/3
   362 | D:1      | Reached XP level 2. HP: 22/22 MP: 3/5
   388 | D:1      | Learned a level 2 spell: Poisonous Vapours
   686 | D:2      | Found a shimmering altar of Xom.
   882 | D:2      | Reached skill level 1 in Fighting
  1105 | D:2      | Reached XP level 3. HP: 26/28 MP: 1/6
  1179 | D:2      | Learned a level 3 spell: Mephitic Cloud
  1246 | D:2      | Reached skill level 1 in Air Magic
  1754 | D:2      | Reached XP level 4. HP: 34/35 MP: 5/8
  1799 | D:2      | Reached skill level 4 in Poison Magic
  2246 | D:2      | Noticed Jessica
  2248 | D:2      | Killed Jessica
  2561 | D:2      | Reached XP level 5. HP: 30/40 MP: 4/10
  3228 | D:2      | Learned a level 4 spell: Olgreb's Toxic Radiance
  3797 | D:3      | Reached XP level 6. HP: 29/47 MP: 1/11
  3995 | D:3      | Found a blossoming altar of Fedhas.
  4005 | D:3      | Reached skill level 1 in Conjurations
  4006 | D:3      | Became a worshipper of Fedhas Madash
  4170 | D:3      | Found a shadowy altar of Dithmenos.
  4189 | D:3      | Found a sparkling altar of Nemelex Xobeh.
  4271 | D:3      | Reached skill level 5 in Poison Magic
  4643 | D:4      | Found a staircase to the Ecumenical Temple.
  4667 | Temple   | Entered the Ecumenical Temple
  5017 | D:4      | Your scales start taking on a rich purple colour.
  5017 | D:4      | Reached skill level 5 in Spellcasting
  5017 | D:4      | Reached XP level 7. HP: 52/52 MP: 7/15
  5393 | D:4      | Reached * piety under Fedhas
  5418 | D:4      | Reached skill level 6 in Poison Magic
  5433 | D:4      | Found a shimmering blue altar of Sif Muna.
  5868 | D:5      | Entered Level 5 of the Dungeon
  5883 | D:5      | Slain by a hornet zombie

Levels and vault maps discovered:
D:1:      onia_arrival_pyramid, layout_loops_ring
D:2:      layout_basic, lemuel_crystal_altar, serial_aquarium,
          aquarium_bridge_straight [aquarium_subvault_bridge,
          aquarium_subvault_window, aquarium_subvault_bridge,
          aquarium_subvault_window], aquarium_bridge_long_joined
          [aquarium_subvault_bridge, aquarium_subvault_bridge,
          aquarium_subvault_wall, aquarium_subvault_window,
          aquarium_subvault_bridge, aquarium_subvault_wall],
          aquarium_window_corridor_2, aquarium_window_corner, aquarium_window_1,
          aquarium_view_2f, aquarium_balcony_3a, uniq_jessica
D:3:      layout_rooms, nemelex_xobeh_ov_fountains_minmay, fedhas_altar_2,
          grunt_dithmenos_smoke_and_mirrors, first_ration
D:4:      layout_basic, led_sif_pool, minmay_temple_entry_glass,
          minmay_door_square, eino_small_chamber_without_monster
D:5:      layout_basic, yredelemnul_altar_generic, okawaru_ov_weapons_minmay,
          uniq_prince_ribbit1, uniq_blork_the_orc, uniq_ijyb
Temple:   cyrus_temple_forest

Skill      XL: |  1  2  3  4  5  6  7 |
---------------+----------------------+-----
Fighting       | 1 |  1.1
Air Magic      | 1 2 3 |  3.0
Spellcasting   | 3 5 |  5.4
Poison Magic   | 4 5 6 |  6.2
Conjurations   | 1 2 |  2.0
Dodging        | |  1.9
Stealth        | |  1.7
Transmutations | |  1.0
Invocations    | |  0.3

Action                   |  1- 3 |  4- 6 |  7- 9 || total
-------------------------+-------+-------+-------++-------
Melee: Whip              |     5 |       |       ||     5
       Dagger            |    31 |    42 |       ||    73
       Tailslap          |     4 |    19 |     3 ||    26
       Falchion          |       |   132 |    38 ||   170
Throw: Javelin           |     4 |       |       ||     4
 Cast: Sting             |    21 |    10 |       ||    31
       Poisonous Vapours |    15 |    58 |    12 ||    85
       Mephitic Cloud    |       |       |     1 ||     1
 Stab: Sleeping          |     3 |     2 |       ||     5
  Eat: Chunk             |     4 |     9 |     3 ||    16
       Ration            |       |     1 |       ||     1
Armor: Skin              |    14 |    65 |    15 ||    94
Dodge: Dodged            |    37 |   144 |    24 ||   205
       Rpst.: Falchion   |       |    31 |     6 ||    37

Table legend:
 A = Non-vault XP
 B = Vault XP
 C = Vault XP percentage of total XP
 D = Non-vault monster count
 E = Vault monster count
 F = Vault count percentage of total count
                 A         B        C        D         E       F
            +---------+---------+-------+---------+---------+-------
      Total |    1040 |      37 |   3.4 |      93 |       1 |   1.1
            +---------+---------+-------+---------+---------+-------
        D:1 |      17 |       0 |   0.0 |      10 |       0 |   0.0
        D:2 |     236 |      37 |  13.6 |      34 |       1 |   2.9
        D:3 |     284 |       0 |   0.0 |      31 |       0 |   0.0
        D:4 |     503 |       0 |   0.0 |      18 |       0 |   0.0
            +---------+---------+-------+---------+---------+-------
